 Dungeon Crawl Stone Soup version 0.29-a0-384-g6960b1960d (webtiles) character file.

Game seed: 7077463617833292782

2245 ytrimaz the Thaumaturge (level 9, -7/57 HPs)
             Began as a Mummy Necromancer on May 6, 2022.
             Killed from afar by an electric eel (10 damage)
             ... with a bolt of electricity
             ... on level 8 of the Dungeon.
             The game lasted 00:09:43 (9401 turns).

ytrimaz the Thaumaturge (Mummy Necromancer)         Turns: 9401, Time: 00:09:44

Health: -7/57      AC: 10    Str:  6    XL:     9   Next: 15%
Magic:  15/21      EV: 15    Int: 22    God:
Gold:   546        SH:  0    Dex: 17    Spells: 17/25 levels left

rFire   . . .      SeeInvis .   k - +10 spear of Ujidemp {flame, +Blink Str-5 Stlth+}
rCold   . . .      Faith    .   (no shield)
rNeg    + + +      Spirit   .   l - +1 leather armour "Bimm" {rCorr Int+4 Dex+4}
rPois   ∞          Reflect  .   m - +2 helmet
rElec   .          Harm     .   t - +0 cloak
rCorr   +          Rampage  .   g - +0 pair of gloves
Will    +....                   i - +0 pair of boots
Stlth   +++.......              (no amulet)
HPRegen 0.19/turn               f - ring of fire
MPRegen 0.17/turn               j - +4 ring of evasion

@: studying Slings
A: cold resistance 1, negative energy resistance 3, torment resistance 2, heat
vulnerability 1, in touch with death 1, no potions
a: Evoke Blink


You were on level 8 of the Dungeon.
You visited 2 branches of the dungeon, and saw 9 of its levels.
You also visited: Ossuary.

You collected 546 gold pieces.

Inventory:

Hand Weapons
 k - the +10 spear of Ujidemp (weapon) {flame, +Blink Str-5 Stlth+}
   (You found it on level 3 of the Dungeon)

   It burns those it strikes, dealing additional fire damage.
   Str:       It affects your strength (-5).
   +Blink:    It lets you blink.
   Stlth:     It makes you more stealthy.
Missiles
 s - a throwing net
Armour
 a - a +0 robe
 g - a +0 pair of gloves (worn)
 i - a +0 pair of boots (worn)
 l - the +1 leather armour "Bimm" (worn) {rCorr Int+4 Dex+4}
   (You found it on level 4 of the Dungeon)

   Int:       It affects your intelligence (+4).
   Dex:       It affects your dexterity (+4).
   rCorr:     It protects you from acid and corrosion.
 m - a +2 helmet (worn)
 t - a +0 cloak (worn)
Jewellery
 f - a ring of fire (left hand)
 j - a +4 ring of evasion (right hand)
 o - a +6 ring of strength
 r - a ring of flight
Wands
 q - a wand of flame (51)
 v - a wand of iceblast (2)
Scrolls
 b - 2 scrolls of fog
 c - a scroll of poison
 d - 7 scrolls of identify
 e - 4 scrolls of teleportation
 h - 2 scrolls of enchant weapon
 n - 2 scrolls of fear
 p - a scroll of torment
 u - a scroll of vulnerability {unknown}
 w - a scroll of brand weapon {unknown}
 x - a scroll of amnesia {unknown}


   Skills:
 + Level 3.7 Polearms
 - Level 2.0 Dodging
 - Level 1.7 Stealth
 + Level 8.8 Spellcasting
 + Level 8.2 Necromancy
 * Level 3.6 Poison Magic


You had 17 spell levels left.
You knew the following spells:

 Your Spells              Type           Power      Damage    Failure   Level
a - Pain                  Necr           100%       1d9       1%          1
b - Vampiric Draining     Necr           62%        2d10      1%          3
c - Olgreb's Toxic Radia  Pois           25%        N/A       24%         4

Your spell library contained the following spells:

 Spells                   Type           Power      Damage    Failure   Level
 Animate Skeleton         Necr           100%       N/A       1%          1
 Animate Dead             Necr           31%        N/A       3%          4
 Sting                    Tmut/Pois      68%        1d6       4%          1
 Poisonous Vapours        Pois/Air       34%        N/A       8%          2
 Agony                    Necr           62%        N/A       10%         5
 Gell's Gravitas          Tloc           9%         N/A       32%         3
 Lesser Beckoning         Tloc           9%         N/A       32%         3
 Teleport Other           Tloc           9%         N/A       32%         3


Dungeon Overview and Level Annotations

Branches:
Dungeon (8/15)             Temple (1/1) D:6         Ossuary (visited)
   Lair: D:8-11

Altars:
Ashenzari
Dithmenos
Elyvilon
Fedhas
Gozag
Hepliaklqana
Makhleb
Nemelex Xobeh
Okawaru
Qazlal
Ru
Sif Muna
Uskayaw
Vehumet
Wu Jian
Xom
Zin
The Shining One


Innate Abilities, Weirdness & Mutations

You are immune to poison.
Your flesh is cold resistant. (rC+)
You are immune to negative energy. (rN+++)
You are immune to unholy pain and torment.
You are vulnerable to heat. (rF-)
You are in touch with the powers of death.
You do not drink.


Message History

You are too injured to fight recklessly!
Unknown command.
You are too injured to fight recklessly!
You are too injured to fight recklessly!
Aiming: Pain (safe; 1% risk of failure)
Press: ? - help, Q - select action, (/) - cycle Shift-Dir - straight line, f/p - electric eel
Aim: an electric eel (water, almost dead, chance to affect: 88%)
You feel a surge of power!
The electric eel writhes in agony.
A bullfrog comes into view.
The electric eel shoots out a bolt of lightning at you!
The bolt of electricity misses you.
The electric eel shoots out a bolt of lightning at you!
The bolt of electricity hits the electric eel.
The electric eel completely resists.
The bolt of electricity hits you.
Unknown command.
Aiming: Pain (safe; 1% risk of failure)
Press: ? - help, Q - select action, (/) - cycle Shift-Dir - straight line, f/p - electric eel
Aim: an electric eel (water, almost dead, chance to affect: 88%)
You feel a surge of power!
The electric eel writhes in agony!
You kill the electric eel!
You hear a splash.
The bullfrog gives a loud, deep croak!
The electric eel shoots out a bolt of lightning at you!
The bolt of electricity hits the electric eel.
The electric eel completely resists.
The bolt of electricity hits you!
* * * LOW HITPOINT WARNING * * *
The electric eel shoots out a bolt of lightning at you!
The bolt of electricity hits the electric eel.
The electric eel completely resists.
The bolt of electricity hits you.
* * * LOW HITPOINT WARNING * * *
The electric eel shoots out a bolt of lightning at you!
The bolt of electricity misses you.
The electric eel shoots out a bolt of lightning at you!
The bolt of electricity hits you.
* * * LOW HITPOINT WARNING * * *
The electric eel shoots out a bolt of lightning at you!
The bolt of electricity hits you.
* * * LOW HITPOINT WARNING * * *
The electric eel shoots out a bolt of lightning at you!
The bolt of electricity hits you!
You die...

#####+##.........≈≈≈≈≈..........
........))#####...≈≈≈≈..≈≈≈≈....
......)...# #.....≈≈..≈≈≈≈S≈..
.......≈..# #.....≈≈.S≈≈≈≈≈≈≈.
.......≈..# #.....≈...≈≈≈≈≈≈S≈
...≈≈..≈..# #.....≈..≈S≈≈
...≈≈.....# #....)...S≈≈≈
...≈≈.....#####.........≈≈≈
................@.F....≈≈≈≈
#................... ##
#.......############
.#######.....).#
.#.....+.......#
.+.#####.......#
.#.............#
.#....#........#
##....#...<....#


You could see a bullfrog and 2 electric eels.

Vanquished Creatures
  A wyvern (D:7)
  2 water moccasins
  Duvessa (D:7)
  2 sky beasts (D:6)
  2 ogres (D:5)
  2 centaurs (D:7)
  A bullfrog (D:7)
  2 necrophages (D:6)
  5 wights
  Dowan (D:7)
  2 electric eels (D:8)
  3 hounds
  2 jellies
  3 orc priests
  Ijyb (D:5)
  4 orc wizards
  8 mummies (Ossuary)
  6 gnolls
  6 adders
  2 worms
  4 dart slugs
  16 orcs
  3 ball pythons (D:2)
  4 endoplasms
  4 giant cockroaches
  7 goblins
  8 hobgoblins
  13 jackals
  10 kobolds
  8 quokkas
  3 bats
  A frilled lizard (D:3)
  5 hobgoblin zombies (Ossuary)
  A kobold zombie (Ossuary)
  2 orc zombies (Ossuary)
  5 rats
150 creatures vanquished.

Notes
Turn   | Place    | Note
-------+----------+-------------------------------------------
     0 | D:1      | ytrimaz the Mummy Necromancer began the quest for the Orb.
     0 | D:1      | Reached XP level 1. HP: 13/13 MP: 4/4
   258 | D:1      | Found a faded altar of an unknown god.
   263 | D:1      | Reached XP level 2. HP: 19/19 MP: 0/5
  1320 | D:1      | Gained mutation: You are in touch with the powers of death.
                  | [Mummy growth]
  1320 | D:1      | Reached XP level 3. HP: 24/24 MP: 3/7
  1409 | D:2      | Learned a level 3 spell: Vampiric Draining
  1899 | D:2      | Identified the +8 long sword of Vanity {spect, *Noise Will+
                  | Str+3 Dex+2}
  2410 | D:2      | Reached skill level 5 in Necromancy
  2410 | D:2      | Reached XP level 4. HP: 30/30 MP: 7/9
  2689 | D:3      | Identified the +10 spear of Ujidemp {flame, +Blink Str-5
                  | Stlth+}
  2938 | D:3      | Found a sacrificial altar of Ru.
  3305 | D:3      | Noticed a water moccasin
  3315 | D:3      | Killed a water moccasin
  3316 | D:3      | Reached XP level 5. HP: 35/35 MP: 1/12
  3402 | D:3      | Reached skill level 5 in Spellcasting
  3639 | D:4      | Learned a level 4 spell: Olgreb's Toxic Radiance
  3910 | D:4      | Identified the +1 leather armour "Bimm" {rCorr Int+4 Dex+4}
  4492 | D:5      | Entered Level 5 of the Dungeon
  4599 | D:5      | Noticed an ogre
  4605 | D:5      | Killed an ogre
  4606 | D:5      | Reached XP level 6. HP: 41/41 MP: 5/14
  4807 | D:5      | Reached skill level 1 in Poison Magic
  5196 | D:5      | Found a sand-covered staircase.
  5205 | Ossuary  | Entered an ossuary
  5231 | Ossuary  | Reached XP level 7. HP: 46/46 MP: 16/16
  5738 | D:5      | Noticed Ijyb
  5748 | D:5      | Killed Ijyb
  6025 | D:6      | Reached skill level 1 in Polearms
  6591 | D:6      | Reached XP level 8. HP: 52/52 MP: 13/18
  6673 | D:6      | Found a staircase to the Ecumenical Temple.
  6885 | Temple   | Entered the Ecumenical Temple
  8180 | D:7      | Noticed Duvessa
  8182 | D:7      | Noticed Dowan
  8190 | D:7      | Killed Duvessa
  8195 | D:7      | Killed Dowan
  8808 | D:7      | Reached XP level 9. HP: 41/57 MP: 21/21
  9320 | D:8      | Found a burning altar of Makhleb.
  9400 | D:8      | HP: 2/57 [electric eel/bolt of electricity (5)]
  9401 | D:8      | Killed from afar by an electric eel

Illustrated notes

Levels and vault maps discovered:
D:1:      scummos_arrival_gate, layout_basic, ebering_ecumenical_altar_webs
D:2:      layout_basic
D:3:      layout_loops_ring, mainiacjoe_overflow_24_doors
D:4:      layout_cave_pods, nicolae_figureground_pulse
D:5:      layout_cave_pods, lightli_ossuary_entry_decrepit_ruins, uniq_ijyb
D:6:      layout_basic, temple_hall
D:7:      layout_rooms, uniq_duvessa
D:8:      layout_basic, mainiacjoe_overflow_six_doors_small,
          kennysheep_little_box, nicolae_overflow_squiral,
          chequers_serial_rivers_large_a
Temple:   eino_temple_scatter_basement

Skill      XL: |  1  2  3  4  5  6  7  8 |
---------------+-------------------------+-----
Spellcasting   | 3 4 5 6 7 8 |  8.8
Necromancy     | 5 6 7 8 |  8.2
Poison Magic   | 1 2 3 |  3.6
Dodging        | 2 |  2.0
Polearms       | 2 3 |  3.7
Stealth        | |  1.7

Action                   |  1- 3 |  4- 6 |  7- 9 || total
-------------------------+-------+-------+-------++-------
Melee: Unarmed           |    17 |       |       ||    17
       Punch             |     1 |       |     2 ||     3
       Spear             |       |    49 |   147 ||   196
 Cast: Pain              |    79 |    57 |    44 ||   180
       Vampiric Draining |     1 |     3 |     9 ||    13
Evoke: Wand              |       |       |     5 ||     5
  Use: Scroll            |       |     6 |     2 ||     8
 Stab: Sleeping          |       |     3 |     5 ||     8
Armor: Robe              |    13 |     1 |       ||    14
       Leather armour    |       |    11 |    41 ||    52
Dodge: Dodged            |    28 |    43 |   117 ||   188

Table legend: (Time is in decaauts)
 A = Elapsed time spent in this place.
 B = Non-inter-level travel time spent in this place.
 C = Inter-level travel time spent in this place.
 D = Time resting spent in this place.
 E = Time spent auto-exploring this place.
 F = Levels seen in this place.
 G = Mean time per level.
                   A        B        C        D        E       F      G
               +--------+--------+--------+--------+--------+-----+--------+
         Total |   9408 |   8924 |    484 |   1278 |   6370 |  10 |  940.8 |
       Dungeon |   8823 |   8354 |    469 |   1210 |   6018 |   8 | 1102.9 |
        Temple |    207 |    192 |     15 |      0 |    166 |   1 |  207.0 |
       Ossuary |    377 |    377 |      0 |     68 |    186 |   1 |  377.0 |
               +--------+--------+--------+--------+--------+-----+--------+

Top non-repeatable levels by time:
     D:6: 1643 daAuts
     D:1: 1400 daAuts
     D:2: 1267 daAuts
     D:7: 1188 daAuts
     D:5: 1148 daAuts
     D:4: 961 daAuts
     D:3: 862 daAuts
 Ossuary: 377 daAuts
     D:8: 350 daAuts
  Temple: 207 daAuts
